 Dungeon Crawl Stone Soup version 0.18.1-6-gd335043 (webtiles) character file.

4006 kae the Markself (level 10, 0/60 HPs)
             Began as a High Elf Hunter on May 16, 2016.
             Was an Elder of Okawaru.
             Slain by M4edhros's ghost (1 damage)
             ... on level 8 of the Dungeon.
             The game lasted 00:22:43 (10780 turns).

kae the Markself (High Elf Hunter)                 Turns: 10780, Time: 00:22:44

Health: 0/60       AC:  9    Str: 11 (13) XL:     10   Next: 3%
Magic:  10/10      EV: 13    Int: 13      God:    Okawaru [****..]
Gold:   420        SH:  0    Dex: 22 (24) Spells: 0 memorised, 9 levels left

rFire  + . .     SeeInvis .     b - +9 dagger "Hell-Harrower" {holy, rPois Str+2 Int-3 Dex+3}
rCold  x . .     Gourm    .     c - +0 leather armour
rNeg   . . .     Faith    .     (no shield)
rPois  +         Spirit   .     k - +2 helmet
rElec  .         Dismiss  .     i - +2 cloak
rCorr  .         Reflect  .     (no gloves)
SustAt .         Harm     .     (no boots)
MR     +....     Rnd*Rage +     A - amulet of regeneration
Stlth  ++........               y - ring of fire
                                (no ring)

@: somewhat resistant to hostile enchantments, unstealthy
A: berserk 1, clever 1, low mp 1
a: Heroism, Renounce Religion


You were on level 8 of the Dungeon.
You worshipped Okawaru.
Okawaru was greatly pleased with you.
You were hungry.

You visited 2 branches of the dungeon, and saw 9 of its levels.
You also visited: Sewer.

You collected 420 gold pieces.

Inventory:

Hand Weapons
 a - a +4 shortbow of velocity
 b - the +9 dagger "Hell-Harrower" (weapon) {holy, rPois Str+2 Int-3 Dex+3}
   (You found it on level 4 of the Dungeon)

   It has been blessed by the Shining One to cause great damage to the undead
   and demons.
   It affects your strength (+2).
   It affects your intelligence (-3).
   It affects your dexterity (+3).
   It protects you from poison.
Missiles
 l - 84 arrows
Armour
 c - a +0 leather armour (worn)
 i - a +2 cloak (worn)
 k - a +2 helmet (worn)
Jewellery
 y - a ring of fire (right hand)
 A - an amulet of regeneration (around neck)
Wands
 d - a wand of slowing (17/48)
 g - a wand of confusion (5/48)
 p - a wand of teleportation (6/9)
 z - a wand of lightning (10/15)
Scrolls
 o - a scroll of recharging
 t - 6 scrolls of identify
Potions
 r - a potion of brilliance
Books
 m - a book of the Earth

   Spells                             Type                      Level
   a - Leda's Liquefaction            Hexes/Earth                  4
   b - Bolt of Magma                  Conjuration/Fire/Earth       5
   c - Statue Form                    Transmutation/Earth          6
   d - Iron Shot                      Conjuration/Earth            6
   e - Shatter                        Earth                        9
 u - a book of Battle

   Spells                             Type                      Level
   a - Infusion                       Charms                       1
   b - Shroud of Golubria             Charms/Translocation         2
   c - Song of Slaying                Charms                       2
   d - Spectral Weapon                Hexes/Charms                 3
   e - Regeneration                   Charms/Necromancy            3
Comestibles
 f - 5 bread rations
 h - a meat ration
 w - 2 slices of pizza


   Skills:
 + Level 2.1 Fighting
 * Level 9.1 Short Blades
 - Level 15.7 Bows
 - Level 2.1 Dodging
 - Level 1.1 Stealth


You had 9 spell levels left.
You didn't know any spells.

Dungeon Overview and Level Annotations

Branches:
Dungeon (8/15)             Temple (1/1) D:4
   Lair: D:8-11

Altars:
Ashenzari
Cheibriados
Fedhas
Kikubaaqudgha
Nemelex Xobeh
Okawaru
Pakellas
Qazlal
Ru
Sif Muna
Trog
Vehumet
Xom
Yredelemnul
Zin
The Shining One

Shops:
D:6 (

Annotations:
D:8 M4edhros's ghost, novice FoFi


Innate Abilities, Weirdness & Mutations

You tend to lose your temper in combat.
Your mind is acute. (Int +2)
Your magical capacity is low (-10% MP).


Message History

Things that are here:
a stone; a short sword; a kobold corpse M4edhros's ghost is nearby!
M4edhros's ghost is nearby!
M4edhros's ghost is nearby!
M4edhros's ghost is nearby!
Things that are here:
a dagger; 2 stones You see here an enchanted whip.
M4edhros's ghost turns its malevolent gaze towards you.
Read which item? (? for menu, Esc to quit)
Okay, then.
M4edhros's ghost hits you! M4edhros's ghost freezes you!
M4edhros's ghost hits you!!
* * * LOW HITPOINT WARNING * * *
You are electrocuted!
* * * LOW HITPOINT WARNING * * *
M4edhros's ghost hits you.
* * * LOW HITPOINT WARNING * * *
You die...

#(############.#
#...))......##.#
###########.##.# # ..
#.# #.##.# #. ....#
#.##.#
#.########.#.###.##.#
#....<.......#.......
#....#######.#.#.####
#.##...@......#.#.#.#
........W.....#...#.#
..#.............###.#
. +.................#
#####.........#####
#.#######.# #.# ###
#.# #.#


You could see M4edhros's ghost.

Vanquished Creatures
  Pikel (D:6)
  A wyvern (D:7)
  Eustachio (D:5)
  Menkaure (D:4)
  A hippogriff (D:7)
  A water moccasin (D:7)
  A sky beast (D:6)
  4 slaves (D:6)
  A phantom (D:5)
  2 ogres
  2 centaurs
  A crocodile (Sewer)
  The ghost of Yehuk the Covered, an amateur GrFi of Okawaru (D:3)
  A big kobold (D:8)
  4 giant frogs
  3 elf skeletons (D:7)
  2 gnoll sergeants
  A scorpion (D:4)
  3 killer bees
  3 jellies
  3 howler monkeys
  3 crimson imps
  A centaur zombie (D:6)
  A giant frog zombie (D:8)
  3 hounds
  Crazy Yiuf (D:2)
  A human zombie (D:7)
  2 orc priests
  2 orc wizards
  Jessica (D:3)
  Ijyb (D:2)
  3 iguanas
  Natasha (thrice) (D:2)
  3 worker ants
  A killer bee zombie (D:4)
  A hound zombie (D:7)
  A worker ant zombie (D:5)
  Robin (D:2)
  14 gnolls
  7 adders
  A river rat (D:3)
  2 shadow imps (D:7)
  An adder zombie (D:7)
  A worm (D:2)
  A dart slug (D:1)
  2 giant geckos
  24 orcs
  4 ball pythons
  10 giant cockroaches
  8 hobgoblins
  6 jackals
  5 quokkas
  7 bats
  A giant gecko skeleton (D:5)
  11 giant newts
  12 goblins
  15 kobolds
  2 orc zombies (D:7)
  A quokka zombie (D:6)
  13 rats
215 creatures vanquished.

Vanquished Creatures (others)
  Sigmund (D:4)
  An orc wizard (D:6)
  An adder (D:4)
3 creatures vanquished.

Grand Total: 218 creatures vanquished

Notes
Turn   | Place    | Note
--------------------------------------------------------------
     0 | D:1      | kae the High Elf Hunter began the quest for the Orb.
     0 | D:1      | Reached XP level 1. HP: 14/14 MP: 2/2
   464 | D:1      | Reached XP level 2. HP: 19/19 MP: 3/3
   525 | D:1      | Reached skill level 6 in Bows
   909 | D:2      | Noticed Robin
   972 | D:2      | Reached XP level 3. HP: 24/24 MP: 4/4
   987 | D:2      | Noticed Natasha
  1004 | D:2      | Killed Natasha
  1004 | D:2      | Reached skill level 7 in Bows
  1178 | D:2      | Reached XP level 4. HP: 20/29 MP: 5/5
  1916 | D:2      | Reached skill level 8 in Bows
  2151 | D:2      | Noticed Natasha
  2159 | D:2      | Killed Natasha
  2194 | D:2      | Reached XP level 5. HP: 34/34 MP: 6/6
  2210 | D:2      | Noticed Ijyb
  2247 | D:2      | Killed Ijyb
  2259 | D:2      | Noticed Natasha
  2279 | D:2      | Killed Natasha
  2279 | D:2      | Reached skill level 9 in Bows
  3233 | D:2      | Killed Robin
  3318 | D:2      | Noticed Crazy Yiuf
  3325 | D:2      | Killed Crazy Yiuf
  3678 | D:3      | Reached XP level 6. HP: 16/39 MP: 7/7
  3760 | D:3      | Found a glowing drain.
  3815 | Sewer    | Entered a sewer
  4082 | Sewer    | Gained mutation: Your mind is acute. (Int +2) [potion of mutation]
  4082 | Sewer    | Gained mutation: Your magical capacity is low (-10% MP). [potion of mutation]
  4082 | Sewer    | Gained mutation: You tend to lose your temper in combat. [potion of mutation]
  4096 | Sewer    | Reached skill level 10 in Bows
  4327 | D:3      | Noticed Jessica
  4331 | D:3      | Killed Jessica
  4774 | D:3      | Noticed Yehuk's ghost (amateur GrFi)
  4840 | D:3      | HP: 1/39 [Yehuk's ghost (2)]
  4841 | D:3      | Killed Yehuk's ghost
  5332 | D:4      | Got an ancient dagger
  5335 | D:4      | Identified the +9 dagger "Hell-Harrower" {holy, rPois Str+2 Int-3 Dex+3} (You found it on level 4 of the Dungeon)
  5362 | D:4      | Noticed Sigmund
  5379 | D:4      | Killed Sigmund
  5379 | D:4      | Reached skill level 11 in Bows
  5379 | D:4      | Reached XP level 7. HP: 29/45 MP: 7/7
  5476 | D:4      | Found a staircase to the Ecumenical Temple.
  5496 | Temple   | Entered the Ecumenical Temple
  5582 | Temple   | Became a worshipper of Warmaster Okawaru
  5607 | D:4      | Noticed Menkaure
  5613 | D:4      | Killed Menkaure
  5613 | D:4      | Reached skill level 12 in Bows
  5647 | D:4      | Found a snail-covered altar of Cheibriados.
  5906 | D:4      | Found an ancient bone altar of Kikubaaqudgha.
  6103 | D:5      | Entered Level 5 of the Dungeon
  6115 | D:5      | Reached XP level 8. HP: 32/50 MP: 8/8
  6295 | D:5      | Reached skill level 13 in Bows
  6348 | D:5      | Noticed Eustachio
  6403 | D:5      | Killed Eustachio
  6403 | D:5      | Reached * piety under Okawaru
  6728 | D:5      | Noticed an air elemental
  6731 | D:5      | Found a stormy altar of Qazlal.
  7539 | D:6      | Found Tunny's Weapon Boutique.
  7699 | D:6      | Reached ** piety under Okawaru
  7699 | D:6      | Reached skill level 14 in Bows
  7751 | D:6      | Reached skill level 5 in Short Blades
  8067 | D:6      | Reached XP level 9. HP: 16/54 MP: 9/9
  8276 | D:6      | Noticed Pikel
  8296 | D:6      | Killed Pikel
  8309 | D:6      | Reached *** piety under Okawaru
  8535 | D:6      | Found a bloodstained altar of Trog.
  8923 | D:7      | Reached skill level 15 in Bows
 10263 | D:7      | Reached **** piety under Okawaru
 10263 | D:7      | Reached XP level 10. HP: 50/60 MP: 10/10
 10276 | D:8      | Noticed M4edhros's ghost (novice FoFi)
 10780 | D:8      | HP: 1/60 [M4edhros's ghost (4)]
 10780 | D:8      | Slain by M4edhros's ghost

Skill      XL: |  1  2  3  4  5  6  7  8  9 |
---------------+----------------------------+-----
Bows           | 6 7 8 9 11 12 14 15 | 15.7
Short Blades   | 5 9 |  9.1
Fighting       | |  2.1
Dodging        | |  2.1
Stealth        | |  1.1

Action                   |  1- 3 |  4- 6 |  7- 9 | 10-12 || total
-------------------------+-------+-------+-------+-------++-------
Melee: Short sword       |    96 |   200 |       |       ||   296
       Shortbow          |       |     1 |       |       ||     1
       Dagger            |       |     8 |   347 |    21 ||   376
       Punch             |       |       |     2 |       ||     2
 Fire: Shortbow          |    20 |    84 |   150 |       ||   254
Invok: Heroism           |       |       |     4 |       ||     4
  Use: Scroll            |     4 |     5 |     4 |     4 ||    17
       Potion            |     1 |     6 |     3 |       ||    10
 Stab: Sleeping          |     2 |     1 |       |       ||     3
       Invisible         |       |     1 |     4 |       ||     5
       Distracted        |       |       |     1 |       ||     1
  Eat: Chunk             |       |    13 |    12 |       ||    25
       Meat ration       |       |       |     1 |       ||     1
       Pizza             |       |       |     1 |       ||     1
       Beef jerky        |       |       |       |     1 ||     1
Armor: Leather armour    |    30 |    72 |   105 |     4 ||   211
Dodge: Dodged            |    58 |   167 |   246 |    11 ||   482
